 Dungeon Crawl Stone Soup version 0.31-a0-431-g88bdf31460 (webtiles) character file.

Game seed: 9885543100498765240

42 randomguy2701 the Covered (level 3, -3/33 HPs)
             Began as a Minotaur Fighter on July 31, 2023.
             Slain by Sigmund
             ... wielding a +0 scythe
              (5 damage)
             ... on level 2 of the Dungeon.
             The game lasted 00:00:58 (812 turns).

randomguy2701 the Covered (Minotaur Fighter)         Turns: 812, Time: 00:00:58

Health: -3/33      AC:  7    Str: 20    XL:     3   Next: 35%
Magic:  2/2        EV:  9    Int:  5    God:
Gold:   77         SH:  4    Dex: 11    Spells: 2/2 levels left

rFire   . . .        a - +0 war axe
rCold   . . .        c - +0 buckler
rNeg    . . .        b - +0 scale mail
rPois   .            (helmet restricted)
rElec   .            (no cloak)
rCorr   .            (no gloves)
SInv    .            (no boots)
Will    .....        (no amulet) Stlth
                     (no ring)
HPRegen 0.25/turn    (no ring)
MPRegen 0.08/turn

%: no passive effects
@: no status effects
A: horns 2, retaliatory headbutt
a: no special abilities


You were on level 2 of the Dungeon.
You visited 1 branch of the dungeon, and saw 2 of its levels.

You collected 77 gold pieces.

Inventory:

Hand Weapons
 a - a +0 war axe (weapon)
Armour
 b - a +0 scale mail (worn)
 c - a +0 buckler (worn)
Jewellery
 g - a ring of positive energy
Scrolls
 f - a scroll of enchant armour {unknown}
 h - a scroll of poison {unknown}
 i - a scroll of teleportation {unknown}
 k - a scroll of enchant weapon {unknown}
Potions
 d - a potion of might
 e - a potion of attraction {unknown}
 j - a potion of lignification {unknown}
 l - a potion of curing {unknown}
 m - a potion of invisibility {unknown}


   Skills:
 + Level 4.1 Fighting
 + Level 3.1 Axes
 + Level 4.3 Armour
 + Level 3.9 Shields


You had 2 spell levels left.
You didn't know any spells.
Your spell library contained the following spells:

 Spells                   Type           Power      Damage    Failure   Level
 Olgreb's Toxic Radiance  Pois           0%         N/A       100%        4
 Discord                  Hex            0%         N/A       100%        8
 Ignition                 Fire           0%         3d3       100%        8


Dungeon Overview and Level Annotations

Branches:
Dungeon (2/15)

Altars:

Annotations:
D:2 Sigmund


Innate Abilities, Weirdness & Mutations

You have a pair of horns on your head.
You reflexively headbutt those who attack you in melee.


Message History

You barely miss the endoplasm. The endoplasm freezes you.
You are frozen.
You slash the endoplasm!
You kill the endoplasm!
No target in view!
No target in view!
No target in view!
No target in view!
No target in view!
No target in view!
You now have 62 gold pieces (gained 10).
You now have 77 gold pieces (gained 15).
Found a stone staircase leading down.
Sigmund the Dreaded comes into view.
He is wielding a +0 scythe.
Sigmund shouts!
Sigmund is nearby!
Sigmund laughs darkly.
Sigmund hits you with a +0 scythe!
You closely miss Sigmund.
Sigmund says, "Now you see me, now you don't..."
Sigmund gestures wildly while chanting.
Sigmund flickers and vanishes!
Deactivating autopickup; reactivate with Ctrl-A.
No target in view!
No target in view!
You closely miss something. Something hits you but does no damage.
You barely miss something.
You hear some strange, mumbled words.
A magic dart appears from out of thin air!
The magic dart hits you.
You barely miss something.
You hear some strange, mumbled words.
A puff of flame appears from out of thin air!
You block the puff of flame. Something hits you!
You hit something but do no damage. Something hits you but does no damage.
You barely miss something. Something hits you!
* * * LOW HITPOINT WARNING * * *
You slash something! You headbutt something! Something hits you.
You die...

....... ....... ..
.......#### ...
...........## ..[
.............## ...##
..........?...# # ..#
#.......{....#.. # #.#
###......@......#
###.####................
..........#......#.....#
............>..........#
....)...........##.....#
.†........##.........>.#
..........#............#
............#........###
......<....##.........


There were no monsters in sight!

Vanquished Creatures
  An adder (D:2)
  4 bats
  An endoplasm (D:2)
  A giant cockroach (D:1)
  6 goblins
  3 hobgoblins (D:1)
  3 jackals (D:2)
  3 kobolds
  2 quokkas (D:1)
  3 ball pythons (D:1)
  2 rats (D:1)
29 creatures vanquished.

Notes
Turn   | Place    | Note
-------+----------+-------------------------------------------
     0 | D:1      | randomguy2701 the Minotaur Fighter began the quest for the
                  | Orb.
     0 | D:1      | Reached XP level 1. HP: 19/19 MP: 0/0
   192 | D:1      | Reached XP level 2. HP: 27/27 MP: 1/1
   361 | D:1      | Found a faded altar of an unknown god.
   711 | D:2      | Reached XP level 3. HP: 31/33 MP: 2/2
   802 | D:2      | Noticed Sigmund
   811 | D:2      | HP: 1/33 [something (10)]
   812 | D:2      | Slain by Sigmund

Illustrated notes

Levels and vault maps discovered:
D:1:      dpeg_arrival_round_b, layout_basic, shapermc_ecumenical_altar_pompeii
D:2:      layout_rooms, serial_curves, eino_curves_01, eino_curves_02,
          kennysheep_big_empty_room, amcnicky_mini_pool_small, uniq_sigmund

Skill      XL: |  1  2  3 |
---------------+----------+-----
Fighting       | 4 |  4.1
Armour         | 4 |  4.3
Axes           | 3 |  3.1
Shields        | |  3.9

Action                     || total
---------------------------++-------
  Melee: War axe           ||    61
         Headbutt          ||     7
 Armour: Scale mail        ||    32
  Dodge: Dodged            ||    28
  Block: Buckler           ||    10

Table legend: (Time is in decaauts)
 A = Elapsed time spent in this place.
 B = Non-inter-level travel time spent in this place.
 C = Inter-level travel time spent in this place.
 D = Time resting spent in this place.
 E = Time spent auto-exploring this place.
 F = Levels seen in this place.
 G = Mean time per level.
                   A        B        C        D        E       F      G
               +--------+--------+--------+--------+--------+-----+--------+
         Total |    836 |    775 |     61 |      0 |    611 |   2 |  418.0 |
       Dungeon |    836 |    775 |     61 |      0 |    611 |   2 |  418.0 |
               +--------+--------+--------+--------+--------+-----+--------+

Top non-repeatable levels by time:
     D:1: 711 daAuts
     D:2: 124 daAuts
